[Event "British Rapidplay Championship 2023"]
[Site "Mercure Bradford, Bankfield Hotel"]
[Date "2023.04.16"]
[Round "8.15"]
[White "Walker, David J"]
[Black "Bak, Andrew"]
[Result "1-0"]
[TimeControl "15 minutes plus 10 seconds per move"]
[WhiteElo "2250"]
[BlackElo "1959"]

1. c4 Nf6 2. Nc3 g6 3. g3 Bg7 4. Bg2 O-O 5. e4 d6 6. Nge2 e5 7. O-O a5 8. d3 c6 9. h3 Na6 10.
Be3 Nh5 11. g4 Nf6 12. Ng3 Be6 13. g5 Nd7 14. Qd2 f5 15. exf5 gxf5 16. f4 Ndc5 17. d4 exd4 18. Bxd4 Qd7 19. Nh5 Bxd4+ 20. Qxd4 Nb4 21. Rad1 Nc2 22.
Qd2 Nb4 23. Nf6+ Rxf6 24. gxf6 Nbd3 25. b3 Qf7 26. Qe3 Qxf6 27. Rxd3 Nxd3 28. Qxd3 Rd8 29. Kh2 Kf7 30. Ne2 d5 31. cxd5 Bxd5 32. Bxd5+ Rxd5 33. Qe3 Qd6 34. Qf3 Rd2 35. Rf2 Rxa2 36. Ng3 Rxf2+ 37. Qxf2 Qd5 38. Qc2 b5 39.
Nxf5 c5 40. Ne3 Qf3 41. Qxh7+ Kf8 42. Qf5+ Kg8 43. Ng4 Qxb3 44. Nf6+ Kf7 45. Nd5+ Ke8 46. Qe6+ Kf8 47. Qe7+ Kg8 48.
Nf6+ 1-0

[Event "British Rapidplay Championship 2023"]
[Site "Mercure Bradford, Bankfield Hotel"]
[Date "2023.04.16"]
[Round "8.16"]
[White "Hutchinson, Paul A"]
[Black "Bramson, Mike"]
[Result "0-1"]
[TimeControl "15 minutes plus 10 seconds per move"]
[WhiteElo "2184"]
[BlackElo "1864"]

1. d4 Nf6 2. Bf4 c6 3.
e3 Qb6 4. b3 d6 5. Bd3 Nbd7 6. Nf3 Nh5 7. Bg3 Nxg3 8. hxg3 g6 9. Nbd2 Bg7 10. Rc1 O-O 11. c4 c5 12. d5 Nf6 13. Bb1 Bg4 14. Qc2 Qd8 15.
Ng5 b5 16. f3 Bd7 17. Nde4 Bf5 18. g4 Bxe4 19. Nxe4 bxc4 20. Qxc4 Rb8 21. Ng3 Qa5+ 22. Ke2 Rb4 23. Qd3 Qb6 24.
g5 Nd7 25. f4 Rb8 26. Kf2 Rxf4+ 27. Ke2 Rb4 28. Nf5 Re8 29. Nxg7 Kxg7 30. e4 Qb5 31. Qxb5 Rxb5 32. Bd3 Rbb8 33.
Rh3 Nf8 34. Rf1 e6 35. Bc4 exd5 36. Bxd5 Ne6 37. Rg3 Re7 38. Kd3 a5 39. a4 Nd4 40. Kd2 Rb6 41. Re3 Ne6 42. Rg3 Rb8 43.
Rh1 Nc7 44. Bc6 Rd8 45. Rgh3 Rh8 46. Rf1 Ne6 47. Rg3 Rb8 48.
Bd5 Nc7 49. Bc6 Rb6 50. Bd5 Nxd5 51. exd5 Re5 52. Rh1 Rxd5+ 53. Kc2 Re5 54. Rgh3 Rxg5 55. Rxh7+ Kf6 56. g4 Rb4 57. Rf1+ Ke6 58.
Rfxf7 c4 59. bxc4 Rxc4+ 60. Kb3 Rgxg4 61. Re7+ Kd5 62. Rh3 Rb4+ 63. Kc3 Rxa4 64. Rd3+ Kc6 65. Ree3 Ra3+ 66. Kb2 Rxd3 67.
Rxd3 d5 68. Ra3 a4 69. Rf3 Kc5 70. Ka3 Kd6 71. Rf8 Ke5 72. Re8+ Kf5 73. Rd8 Rd4 74. Kb2 g5 75. Kc3 Rc4+ 76.
Kd3 Rc5 77. Kd4 Ra5 78. Rf8+ Kg4 79. Rf1 a3 80. Rg1 Kf5 81. Rf1+ Kg6 82. Ra1 a2 83. Ke5 Kh5 84. Kf5 d4+ 85.
Ke4 Kg4 86. Kxd4 Kf3 87. Kd3 g4 88. Rf1 Kg2 89. Ra1 Kf2 90. Kc2 g3 91. Kb2 g2 92. Rc1 a1=Q+ 0-1

[Event "British Rapidplay Championship 2023"]
[Site "Mercure Bradford, Bankfield Hotel"]
[Date "2023.04.16"]
[Round "8.17"]
[White "Mata, Andrew B"]
[Black "Ackley, Peter JE"]
[Result "1/2-1/2"]
[TimeControl "15 minutes plus 10 seconds per move"]
[WhiteElo "1659"]
[BlackElo "2151"]

1. d4 d6 2. Nf3 g6 3. c4 Bg7 4. g3 Nd7 5. Bg2 e5 6. Nc3 Ne7 7. O-O O-O 8. e4 exd4 9. Nxd4 Nc6 10.
Nxc6 bxc6 11. Qc2 Ne5 12. b3 Nf3+ 13. Bxf3 Qf6 14. Bg2 Qxc3 15. Qxc3 Bxc3 16. Rb1 Rb8 17. Be3 c5 18. Rbc1 Bg7 19.
Bd2 Re8 20. Rfd1 Bb7 21. f3 Bd4+ 22. Kf1 Kg7 23. Bc3 Bxc3 24. Rxc3 Bc6 25. Kf2 a5 26. Re3 a4 27. f4 axb3 28.
axb3 Ra8 29. Rd2 Ra3 30. e5 Bxg2 31. Kxg2 Re6 32. Kf3 Ra6 33. h3 h5 34. Rd5 Rb6 35. Red3 f5 36. h4 Kf7 37.
Ke4 Ke8+ 1/2-1/2

[Event "British Rapidplay Championship 2023"]
[Site "Mercure Bradford, Bankfield Hotel"]
[Date "2023.04.16"]
[Round "8.18"]
[White "Watson, Phil R"]
[Black "Cuaresma, Gerald"]
[Result "1-0"]
[TimeControl "15 minutes plus 10 seconds per move"]
[WhiteElo "2144"]
[BlackElo "1741"]

1. d4 Nf6 2. c4 c5 3. d5 e5 4. Nc3 d6 5. e4 Be7 6. Nf3 Nbd7 7. Bd3 O-O 8. O-O Ne8 9. a4 Kh8 10.
Rb1 g6 11. Bh6 Ng7 12. Qd2 Nf6 13. h3 Ng8 14. b4 cxb4 15. Rxb4 Nxh6 16. Qxh6 f5 17. h4 f4 18. Rfb1 Rb8 19.
Nb5 a5 20. R4b3 Ra8 21. Nxd6 Qxd6 22. Rxb7 Bxb7 23. Rxb7 Nh5 24. Ng5 Nf6 25. Ne6 Rf7 26. c5 Qb8 27. Rxb8+ Rxb8 28. Ng5 Ng4 29.
Nxf7+ Kg8 30. d6 Nxh6 31. Nxh6+ Kg7 32. dxe7 Re8 33. Ng4 Rxe7 34.
c6 h5 35. Nh2 Kf6 36. Nf3 Rc7 37. Bb5 Ke6 38. Kf1 Kd6 39. Ke2 Re7 40. Kd3 Kc5 41. Kc3 1-0

[Event "British Rapidplay Championship 2023"]
[Site "Mercure Bradford, Bankfield Hotel"]
[Date "2023.04.16"]
[Round "8.20"]
[White "Walton, Alan J"]
[Black "Fava, Lorenzo"]
[Result "1/2-1/2"]
[TimeControl "15 minutes plus 10 seconds per move"]
[WhiteElo "2105"]
[BlackElo "1728"]

1. d4 g6 2. e4 Bg7 3. Nc3 d6 4. Be3 Nf6 5. h3 O-O 6. Qd2 e5 7. dxe5 dxe5 8. O-O-O Qe7 9. Bg5 c6 10. Qd6 Qxd6 11. Rxd6 Be6 12. Nf3 h6 13. Bh4 Nbd7 14.
Be2 Nh5 15. Rhd1 Nb6 16. a4 g5 17. Bg3 Nxg3 18. fxg3 a5 19. g4 Bf6 20. Nd5 Nxd5 21. exd5 cxd5 22. Bb5 Rfd8 23. Rb6 Rab8 24.
c4 d4 25. Nd2 Rdc8 26. Rxe6 fxe6 27. Bd7 Rf8 28. Bxe6+ Kg7 29. Ne4 Be7 30. Bf5 Bb4 31. Kc2 Be7 32. Kd3 h5 33. Ng3 hxg4 34.
hxg4 Bf6 35. Ke4 Rbd8 36. Rd3 Rh8 37. Nh5+ Kf7 38. Kf3 Ke7 39. Rb3 Rb8 40. Rb6 Rhf8 41. Ke4 Bh8 42. Ng3 Rf6 43.
Rb5 Rc6 44. Kd3 b6 45. Ne4 Bf6 46. Rd5 Rd8 47. Nxf6 Rxf6 48. Rxe5+ Kf7 49. Be4 Rf2 50. Rxg5 Rxb2 51. Bd5+ Kf6 52. Rf5+ Kg6 53. Kxd4 Rxg2 54. Ke5 Re2+ 55. Kd4 Ra2 56.
Re5 Rd6 57. Re8 Rxa4 58. Ke5 Rd7 59. Re6+ Kg5 60. Rxb6 Rb4 61. Ra6 a4 62. Ra8 Re7+ 63. Kd6 Rg7 64. Kc5 Rb2 65. Rxa4 Kxg4 66.
Kd6 Rb6+ 67. Kc5 Rb8 68. Kd6 Rb6+ 69. Ke5 Re7+ 70. Kd4 Rb1 71. Ra8 Kf5 72. Rf8+ Kg5 73. Kc5 Ra1 74. Kd6 Rg7 75. Rf2 Ra6+ 76. Ke5 Re7+ 77. Kd4 Ra1 78. Rf8 Rd1+ 79. Kc5 Rc7+ 80. Kb6 Rd7 81. Kc6 Ra7 82. Rf2 Ra6+ 83.
Kc5 Ra5+ 84. Kc6 Ra6+ 85. Kb5 Rd6 86. Kc5 Ra6 87.
Rg2 Kf4 88. Kb5 Rd6 89. Kc5 Ke5 1/2-1/2

[Event "British Rapidplay Championship 2023"]
[Site "Mercure Bradford, Bankfield Hotel"]
[Date "2023.04.16"]
[Round "8.21"]
[White "Patrick, Chaski"]
[Black "Deepak Ambattu, Rithvik"]
[Result "1/2-1/2"]
[TimeControl "15 minutes plus 10 seconds per move"]
[WhiteElo "2032"]
[BlackElo "1782"]

1. e4 c5 2. Nf3 g6 3. Bc4 Bg7 4. O-O Nc6 5. c3 e6 6. Qe2 Nge7 7. d4 cxd4 8. Rd1 d5 9. Bb3 dxe4 10.
Qxe4 O-O 11. cxd4 Na5 12. Bc2 Qd5 13. Qh4 Nf5 14. Bxf5 Qxf5 15. Nc3 h5 16. Ne4 Bd7 17. Bd2 Bc6 18.
Nd6 Qd5 19. Bxa5 Qxa5 20. Nc4 Qd5 21. Nce5 Qd8 22. Qxd8 Rfxd8 23. Nxc6 bxc6 24. Rac1 Rac8 25. Kf1 c5 26. dxc5 Rxd1+ 27. Rxd1 Rxc5 28. Rd2 Rc1+ 29.
Ke2 Bh6 30. Rd8+ Kg7 31. Ne1 Bg5 32. Rd7 a5 33. Ra7 Rc5 34. g3 Bf6 35. Nd3 Rd5 36. f4 h4 37. a3 hxg3 38. hxg3 Bd4 39. Ra6 g5 40. b4 axb4 41.
axb4 g4 42. Ra5 Rd6 43. Rg5+ Kf6 44. Rxg4 Kf5 45. Rg8 Ke4 46. Rf8 Be3 47. Nc5+ Bxc5 48. bxc5 Rc6 49. Rxf7 Rxc5 50. Re7 Rc2+ 51. Kd1 Rc6 52. Kd2 Kf3 53. Rg7 Rd6+ 54. Kc3 Rd1 55. Rg6 Rg1 56. Kd4 Rxg3 57.
Rf6 Rg4 58. Ke5 Rh4 59. Rf7 Rh6 60.
Kd4 1/2-1/2

[Event "British Rapidplay Championship 2023"]
[Site "Mercure Bradford, Bankfield Hotel"]
[Date "2023.04.16"]
[Round "8.22"]
[White "May, Paul"]
[Black "Mazek, Marek"]
[Result "0-1"]
[TimeControl "15 minutes plus 10 seconds per move"]
[WhiteElo "1652"]
[BlackElo "2052"]

1. d4 Nf6 2. c4 e6 3. Nc3 Bb4 4. f3 Bxc3+ 5. bxc3 d5 6. cxd5 exd5 7. Qc2 O-O 8. e3 Re8 9. Bd3 h6 10.
Ne2 b6 11. O-O Bb7 12. Ng3 Nbd7 13. c4 c5 14. cxd5 Nxd5 15. e4 Nb4 16. Qb1 Nxd3 17. Qxd3 Ne5 18. Qb5 Qxd4+ 19. Be3 Qxe3+ 20. Kh1 Nd3 21. h3 Rad8 22. Nf5 Qe2 23. Nd6 Rf8 24. Nc4 Nf4 25. Rg1 Nxh3 26. Rae1 Nf2+ 27. Kh2 Qd3 28. Rgf1 Rd4 29.
Rxf2 Qxc4 30. Qb2 Qe6 31. Rfe2 Rfd8 32. Kg1 Ba6 33. Rc2 Rd1 34. Rc1 R1d2 35. Rc2 Rxc2 36. Qxc2 Qc4 37. Qb2 Qd4+ 38.
Qxd4 Rxd4 39. Rc1 Rd2 40. a3 c4 41. Rc3 Rb2 0-1

[Event "British Rapidplay Championship 2023"]
[Site "Mercure Bradford, Bankfield Hotel"]
[Date "2023.04.16"]
[Round "8.23"]
[White "Slinger, AJ (Tony)"]
[Black "Brencher, Paul"]
[Result "1/2-1/2"]
[TimeControl "15 minutes plus 10 seconds per move"]
[WhiteElo "1841"]
[BlackElo "1929"]

1. c4 e5 2. Nc3 Nf6 3. Nf3 Nc6 4.
e3 Bb4 5. Qc2 Bxc3 6. bxc3 d6 7. e4 O-O 8. g3 Bg4 9. Bg2 h6 10. O-O Qd7 11. Rb1 b6 12. d3 Bh3 13. Nh4 Ne7 14.
f4 Bxg2 15. Nxg2 Qh3 16. f5 g6 17. Ne3 Kh7 18. Qg2 Qxg2+ 19. Kxg2 Nd7 20. Nd5 Nxd5 21. cxd5 Nc5 22. Rf3 g5 23.
Ba3 Rab8 24. Re3 Rfe8 25. Kf3 f6 26. Ke2 Kg7 27. h3 h5 28. Kd2 g4 29. h4 Kf7 30. Ree1 Ke7 31. d4 Nd7 32.
Kd3 Kf7 33. Bc1 Re7 34. a4 Ree8 35. Ba3 Re7 36. Re2 1/2-1/2

[ePGN "0.1;DGT LiveChess/2.2.5"]

[Event "British Rapidplay Championship 2023"]
[Site "Mercure Bradford, Bankfield Hotel"]
[Date "2023.04.16"]
[Round "9.1"]
[White "Dong, Bao Nghia"]
[Black "Ghasi, Ameet K"]
[Result "1/2-1/2"]
[TimeControl "15 minutes plus 10 seconds per move"]
[WhiteElo "2331"]
[BlackElo "2631"]

1. e4 c5 2. Nf3 e6 3. d4 cxd4 4. Nxd4 Nf6 5. Nc3 Nc6 6. Nxc6 bxc6 7. e5 Nd5 8. Ne4 Qa5+ 9. c3 Ba6 10.
Bxa6 Qxa6 11. Qe2 Qxe2+ 12. Kxe2 f5 13. Nd6+ Bxd6 14. exd6 Kf7 15. c4 Nf6 16. f3 Rhb8 17. b3 a5 18. Bd2 c5 19. Bc3 a4 20. Rhb1 Ra6 21. Be5 Ne8 22. bxa4 Rxb1 23. Rxb1 Nxd6 24.
Bxd6 Rxd6 25. Rb5 Ra6 26. a5 d6 27. Kd3 Kf6 28. f4 g5 29. g3 gxf4 30. gxf4 e5 31. Rb6 e4+ 32. Kc3 Rxa5 33. Rxd6+ Kf7 34.
Rd5 Rxa2 35. Rxf5+ Kg6 36. Rg5+ Kf6 37. Rxc5 Rxh2 38. Kd4 h5 39. Kxe4 Re2+ 40. Kd3 Rh2 41. Re5 Rf2 42. Rxh5 Rxf4 43.
Rd5 Ke6 44. Kc3 Rf8 45. Rd1 Rc8 46. Rd5 Rb8 47. Kd4 Ra8 48. Kc5 Rc8+ 49. Kb4 Rb8+ 50. Rb5 Rc8 51. Rb6+ Kd7 52. Kb5 Rh8 53. c5 Rh1 54. Rb7+ Kc8 55. Rg7 Rh6 56. Rg8+ Kc7 57.
Rg7+ 1/2-1/2

[Event "British Rapidplay Championship 2023"]
[Site "Mercure Bradford, Bankfield Hotel"]
[Date "2023.04.16"]
[Round "9.2"]
[White "Pitcher, John"]
[Black "Gormally, Daniel W"]
[Result "0-1"]
[TimeControl "15 minutes plus 10 seconds per move"]
[WhiteElo "2358"]
[BlackElo "2570"]

1. e4 c5 2. Nf3 d6 3. Bb5+ Nd7 4. Ba4 Ngf6 5. O-O e6 6.
Re1 Be7 7. c3 O-O 8. d4 cxd4 9.
cxd4 a6 10. Nc3 b5 11. Bc2 Bb7 12. a3 Rc8 13. e5 dxe5 14.
dxe5 Nd5 15. Qd3 g6 16. Bh6 Re8 17. Nxd5 Bxd5 18. Rac1 Qb6 19.
Ng5 Rc4 20. Rcd1 Rh4 21. Nxf7 Kxf7 22. Be3 Qc6 23. Bb3 Bxb3 24. Qxb3 Nxe5 25. Bd4 Rg4 26. Qh3 Nf3+ 27. Kh1 Rxd4 28. Qxh7+ Kf6 29. Rxd4 Nxd4 30. Qh4+ Kg7 31.
Qxd4+ Bf6 0-1

[Event "British Rapidplay Championship 2023"]
[Site "Mercure Bradford, Bankfield Hotel"]
[Date "2023.04.16"]
[Round "9.3"]
[White "Makkar, Rajat"]
[Black "Hryshchenko, Kamila"]
[Result "1-0"]
[TimeControl "15 minutes plus 10 seconds per move"]
[WhiteElo "2297"]
[BlackElo "2019"]

1. e4 d6 2. d4 g6 3. Nf3 Bg7 4. Be3 c6 5. Qd2 Nf6 6. Nc3 b5 7. Bh6 Bxh6 8. Qxh6 Qa5 9. Bd3 b4 10.
Ne2 Qh5 11. Qxh5 Nxh5 12. e5 O-O 13. a3 Ba6 14. axb4 Bxd3 15. cxd3 Nd7 16. g4 Ng7 17. Nc3 f6 18. exd6 exd6 19.
b5 c5 20. d5 Nb6 21. Kd2 Ne8 22.
Rhe1 Nc7 23. Re7 Rf7 24. Rxf7 Kxf7 25.
d4 c4 26. Ng1 Ncxd5 27. Nxd5 Nxd5 28. Ne2 f5 29. gxf5 gxf5 30. Nc3 Nb6 31. Ke3 Kf6 32. Kf4 h6 33. h3 Kg6 34. Rg1+ Kf6 35. h4 a6 36. bxa6 Rxa6 37.
h5 Na4 38. Ra1 Nc5 39. Nd5+ Kf7 40.
Rxa6 Nxa6 41. Kxf5 Nb8 42. Nb6 Nc6 43. d5 Nb4 44. Nxc4 Nxd5 45. Nxd6+ Ke7 46. Ke5 Nf6 47. Nf5+ Kf7 48. Nxh6+ 1-0

[Event "British Rapidplay Championship 2023"]
[Site "Mercure Bradford, Bankfield Hotel"]
[Date "2023.04.16"]
[Round "9.4"]
[White "Cook, Phil"]
[Black "Wells, Peter K"]
[Result "0-1"]
[TimeControl "15 minutes plus 10 seconds per move"]
[WhiteElo "2126"]
[BlackElo "2466"]

1. c4 e6 2. Nf3 Nf6 3. g3 a6 4. Bg2 b5 5. b3 c5 6. O-O Bb7 7. Bb2 Be7 8. cxb5 axb5 9. Nc3 b4 10.
Na4 d6 11. a3 bxa3 12. Rxa3 e5 13.
e3 Nbd7 14. d4 cxd4 15. exd4 e4 16. Nd2 d5 17. Ra2 O-O 18. Re1 Re8 19. Nf1 Bb4 20. Re2 Ba6 21. Rc2 Bxf1 22. Qxf1 e3 23.
fxe3 Rxe3 24. Re2 Rxb3 25. Qd1 Rxb2 26. Rexb2 Qe7 27. Re2 Qd6 28. Qb3 h5 29. Nb2 Rxa2 30. Qxa2 Qb6 31. h3 Qxd4+ 32. Kh2 h4 33. Qb3 Bc5 34. Qd1 Qc3 35. gxh4 Bd6+ 36.
Kg1 Ne5 37. Bxd5 Qxh3 38. Rg2 Bc5+ 39. Kf1 Qh1+ 40. Ke2 Qxd1+ 41. Nxd1 Nxd5 42. Kd2 Nf3+ 43. Ke2 Nxh4 44. Rg4 Be7 45.
Ne3 Nxe3 46. Kxe3 f5 47. Rg1 Bc5+ 48. Ke4 0-1

[Event "British Rapidplay Championship 2023"]
[Site "Mercure Bradford, Bankfield Hotel"]
[Date "2023.04.16"]
[Round "9.5"]
[White "Khoury, Theo"]
[Black "Ashton, Adam G"]
[Result "1/2-1/2"]
[TimeControl "15 minutes plus 10 seconds per move"]
[WhiteElo "1772"]
[BlackElo "2390"]

1. e4 e5 2. Nf3 Nc6 3. d4 exd4 4. Nxd4 Bc5 5. Nb3 Bb6 6. Nc3 a5 7. a4 Nge7 8. Bg5 f6 9. Bf4 d6 10. Qd2 O-O 11. O-O-O Ng6 12.
Be3 Bxe3 13. Qxe3 Be6 14. h4 Qe7 15. f4 f5 16.
h5 Nh8 17. exf5 Bxb3 18. Qxe7 Nxe7 19. cxb3 Nxf5 20. Bc4+ Nf7 21. Rde1 Rae8 22. Kd2 c6 23. g4 d5 24. Bxd5 cxd5 25.
gxf5 Nd6 26. Nxd5 Nxf5 27. Rxe8 Rxe8 28. Re1 Rd8 29. Re5 Ne7 30. Rxe7 Rxd5+ 31. Ke3 Rxh5 32. Rxb7 Rh2 33. Ra7 Rxb2 34. Rxa5 Rxb3+ 35. Ke4 h5 36.
Kf5 h4 37. Kg4 h3 38. Rh5 Ra3 39. Rxh3 Rxa4 40. Rb3 Ra7 41. f5 Kf7 42. Kg5 Rc7 43. Rb6 Ra7 44. Rb8 Rc7 45. Rh8 Ra7 46.
Rh1 Rb7 47. Rc1 Ra7 48. Rc6 Rb7 49. Rg6 Ra7 50. Rb6 Ke8 1/2-1/2

[Event "British Rapidplay Championship 2023"]
[Site "Mercure Bradford, Bankfield Hotel"]
[Date "2023.04.16"]
[Round "9.6"]
[White "Surtees, Mike J"]
[Black "Arkell, Keith C"]
[Result "0-1"]
[TimeControl "15 minutes plus 10 seconds per move"]
[WhiteElo "2111"]
[BlackElo "2447"]

1. c3 c5 2. f4 d5 3. Nf3 Nf6 4. d3 Nc6 5. g3 d4 6. c4 g6 7. Bg2 Bg7 8. Na3 O-O 9. O-O e5 10.
fxe5 Ng4 11. Bg5 Qb6 12. Qc1 Ncxe5 13. Nxe5 Nxe5 14. Nc2 Bg4 15. Rf2 a5 16. b3 Rfe8 17. h3 Bd7 18. Qd2 Bc6 19.
Bxc6 Qxc6 20. Raf1 f5 21. e3 dxe3 22. Nxe3 Nf7 23. Nd5 Nxg5 24. Qxg5 Bd4 25. Kh2 Bxf2 26. Rxf2 Kg7 27. Rxf5 Re2+ 28.
Kg1 Rae8 29. Rf2 Rxf2 30. Kxf2 Qe6 31. Nf4 Qe3+ 32. Kg2 Qd2+ 33. Kf3 Qd1+ 34. Kg2 Qd2+ 35. Kf3 Qe3+ 36. Kg2 Qe5 37.
Qg4 Re7 38. h4 Qb2+ 39. Kh3 Qf2 40. Qg5 Qf1+ 41. Kh2 Qf2+ 42. Kh3 Qe3 43. h5 Qe5 44. h6+ Kf7 45. Qg4 Qf5 46. Qxf5+ gxf5 47. Kh4 Re3 48. Kg5 Rxg3+ 49. Kxf5 Rg1 50. Ke5 Rh1 51.
Kd5 b6 52. Kc6 Rxh6+ 53. Kb5 Rd6 54. a3 0-1

[Event "British Rapidplay Championship 2023"]
[Site "Mercure Bradford, Bankfield Hotel"]
[Date "2023.04.16"]
[Round "9.7"]
[White "Eckersley-Waites, Tom"]
[Black "Kisteneva, Liza"]
[Result "1-0"]
[TimeControl "15 minutes plus 10 seconds per move"]
[WhiteElo "2304"]
[BlackElo "2040"]

1. e4 c5 2. Nf3 d6 3. Nc3 Nf6 4. e5 dxe5 5. Nxe5 Nbd7 6. d4 Nxe5 7. dxe5 Qxd1+ 8. Nxd1 Nd5 9. g3 Bg4 10.
Bg2 O-O-O 11. O-O h6 12. Bxd5 Rxd5 13. Ne3 Bf3 14. Nxd5 Bxd5 15. f3 g5 16. Kf2 Bg7 17. Re1 f6 18.
exf6 Bxf6 19. c3 h5 20. Be3 b6 21. Rad1 e6 22. Bd2 h4 23. g4 Rf8 24. b3 Bxc3 25. Bxc3 Rxf3+ 26. Kg1 Rxc3 27.
Rd2 Kd7 28. Re5 Rc1+ 29. Kf2 Rh1 30.
Ke3 h3 31. Rxg5 Ke7 32. Rh5 Bg2 33. g5 Kf7 34. Rh6 Re1+ 35. Kf4 Re4+ 36. Kg3 Re3+ 37. Kf4 Re4+ 38. Kg3 Re3+ 39. Kf2 Rf3+ 40. Ke2 Kg7 41. Rxe6 Rf7 42. g6 Rc7 43. Ke3 b5 44. Rc2 c4 45. bxc4 bxc4 46. Kd4 Rd7+ 47. Kc5 Rc7+ 48. Kd4 Rd7+ 49. Kc5 Rc7+ 50. Kb4 Bf1 51. Rf2 Bd3 52. Rf7+ Rxf7 53. gxf7 Kxf7 54.
Ra6 Be2 55. a4 c3 56. Rxa7+ Kf6 57. Kxc3 Kf5 58. Kd4 Kf4 59. Rf7 Kg4 60. Ke3 1-0

[Event "British Rapidplay Championship 2023"]
[Site "Mercure Bradford, Bankfield Hotel"]
[Date "2023.04.16"]
[Round "9.8"]
[White "Senior, Gary"]
[Black "Mosnegutu, Klauss"]
[Result "1/2-1/2"]
[TimeControl "15 minutes plus 10 seconds per move"]
[WhiteElo "1911"]
[BlackElo "2229"]

1. e4 c5 2. Nf3 d6 3. Bb5+ Nc6 4. Bxc6+ bxc6 5. e5 d5 6. d3 Rb8 7. O-O Bg4 8. h3 Bh5 9. c4 e6 10. Nc3 Ne7 11. Na4 Bxf3 12.
Qxf3 Ng6 13. Qe3 Be7 14. b3 dxc4 15. dxc4 Qd4 16. Bb2 Qxe3 17. fxe3 O-O 18. Rad1 Rfd8 19. Kf2 Kf8 20. Ke2 Ke8 21. g3 h6 22. Rxd8+ Rxd8 23. Rd1 Rxd1 24.
Kxd1 Nf8 25. Nc3 f5 26. exf6 Bxf6 27. Kc2 Bxc3 28. Bxc3 Kf7 29. Kd3 Nh7 30. Be5 Nf6 31. Bd6 Nd7 32. a3 e5 33. b4 cxb4 34. axb4 Ke6 35.
Bc7 h5 36. e4 g5 37. Bd8 g4 38. hxg4 hxg4 39. Kc3 Nf8 1/2-1/2

[Event "British Rapidplay Championship 2023"]
[Site "Mercure Bradford, Bankfield Hotel"]
[Date "2023.04.16"]
[Round "9.9"]
[White "Ciuravin, Andrei"]
[Black "Edwards-Wright, Miles D"]
[Result "0-1"]
[TimeControl "15 minutes plus 10 seconds per move"]
[WhiteElo "2185"]
[BlackElo "1937"]

1. d4 g6 2. Nf3 Bg7 3. c4 d6 4.
Nc3 c6 5. h3 Qc7 6. Bf4 Nd7 7. e3 a6 8. a4 Ngf6 9. Be2 O-O 10. Qc2 Re8 11. O-O e5 12. dxe5 dxe5 13. Bh2 a5 14.
Rfd1 Nc5 15. e4 Nfd7 16. Rab1 Na6 17. Na2 Ndc5 18. b4 axb4 19. Nxb4 Be6 20. Na2 f6 21. Nd4 Bf7 22. Nc3 Qa5 23.
Nf3 Bf8 24. g4 g5 25. Ne1 Nb4 26. Qb2 Ne6 27. Nd3 Nxd3 28. Bxd3 Nc5 29. Bf1 Red8 30. Bg3 Be6 31. Kg2 Rxd1 32.
Rxd1 Nxa4 33. Nxa4 Qxa4 34. Rb1 b5 35. cxb5 Qxe4+ 36. Kg1 Bd5 37. f3 Qxf3 0-1

[Event "British Rapidplay Championship 2023"]
[Site "Mercure Bradford, Bankfield Hotel"]
[Date "2023.04.16"]
[Round "9.10"]
[White "Hall, James"]
[Black "Walker, David J"]
[Result "1-0"]
[TimeControl "15 minutes plus 10 seconds per move"]
[WhiteElo "1809"]
[BlackElo "2250"]

1. e4 e5 2. Nf3 Nc6 3. d4 exd4 4. Bc4 Nf6 5. O-O Nxe4 6. Nc3 dxc3 7. Bxf7+ Kxf7 8. Qd5+ Ke8 9. Re1 Be7 10.
Rxe4 Rf8 11. Bg5 h6 12. Bxe7 Nxe7 13. Qh5+ 1-0

[Event "British Rapidplay Championship 2023"]
[Site "Mercure Bradford, Bankfield Hotel"]
[Date "2023.04.16"]
[Round "9.12"]
[White "Bramson, Mike"]
[Black "Watson, Phil R"]
[Result "1-0"]
[TimeControl "15 minutes plus 10 seconds per move"]
[WhiteElo "1864"]
[BlackElo "2144"]

1. e4 c6 2. d4 d5 3. Nc3 dxe4 4. Bc4 Bf5 5. f3 Nf6 6. fxe4 Bxe4 7. Nxe4 Nxe4 8. Nf3 Nd6 9. Bb3 g6 10.
O-O Bg7 11. Ne5 O-O 12. Qf3 e6 13. c3 Nd7 14. Ng4 Nf5 15. Qh3 Qh4 16. Qxh4 Nxh4 17. Nh6+ Bxh6 18. Bxh6 Rfe8 19. Rae1 a5 20.
g4 a4 21. Bc2 f6 22. Re3 Re7 23. g5 Nf5 24. Bxf5 gxf5 25. Rxf5 fxg5 26. Rxg5+ Kh8 27. Reg3 Ra6 28. Rg8# 1-0

[Event "British Rapidplay Championship 2023"]
[Site "Mercure Bradford, Bankfield Hotel"]
[Date "2023.04.16"]
[Round "9.13"]
[White "Vijayakumar, Rishi"]
[Black "Quilter, Thomas A"]
[Result "1-0"]
[TimeControl "15 minutes plus 10 seconds per move"]
[WhiteElo "1770"]
[BlackElo "2134"]

1. d4 Nf6 2. c4 d6 3. Nf3 Nc6 4. Nc3 e5 5. d5 Ne7 6. e4 g6 7. h3 Bg7 8. Be3 O-O 9. Bd3 c6 10.
O-O a6 11. a4 Nh5 12. b4 f5 13. dxc6 bxc6 14. Qb3 Kh8 15.
Bg5 h6 16. Bd2 d5 17. cxd5 cxd5 18. Nxd5 Nxd5 19. Qxd5 Qxd5 20. exd5 e4 21. Nh4 Bxa1 22. Nxg6+ Kg7 23. Nxf8 Kxf8 24. Be2 Nf6 25. Bxh6+ Ke7 26. Rxa1 Nxd5 27. Bg5+ Kd6 28. Rd1 Ke5 29.
Bc1 Nxb4 30. Bb2+ Ke6 31. Bc4+ Ke7 32. Ba3 a5 33. Rd5 Bd7 34.
Rxa5 Rb8 35. Bb5 Be6 36. Bxb4+ Kf6 37. Bc3+ Kg5 38. Ra6 Bf7 39. Bd2+ f4 40. g3 e3 41. fxe3 fxg3 42. e4+ Kh4 43. Be2 g2 44. Kxg2 Rg8+ 45. Bg4 Bg6 46. Be1+ Kg5 47. Ra5+ Kf4 48. Bg3+ Ke3 49.
Bf3 Rc8 50. Rc5 Rd8 51. Bf2+ Kf4 52.
Rc3 Rd2 53. Re3 Ra2 54. e5 Be8 55. Re4+ Kf5 56. e6 Ra3 57. e7 Kf6 58. h4 Kg6 59. h5+ Kg5 60. Be3+ Kf6 61. h6 Kg6 62.
Re6+ Kf5 63. h7 Ra2+ 64. Kg3 Kxe6 65. h8=Q Rxa4 66. Qxe8 Ra7 67. Bxa7 1-0

[Event "British Rapidplay Championship 2023"]
[Site "Mercure Bradford, Bankfield Hotel"]
[Date "2023.04.16"]
[Round "9.14"]
[White "Lau, Luke"]
[Black "Smith, Andrew P"]
[Result "1-0"]
[TimeControl "15 minutes plus 10 seconds per move"]
[WhiteElo "1917"]
[BlackElo "2125"]

1. e4 c5 2. c3 d5 3. exd5 Qxd5 4. d4 e6 5. Nf3 Nf6 6. Be3 cxd4 7. cxd4 Be7 8. Nc3 Qa5 9. Bd3 O-O 10. O-O Nc6 11. a3 Rd8 12.
Qe2 Bd7 13. Rad1 Rac8 14. Ne4 Be8 15. Bb1 Nxe4 16. Bxe4 Bf6 17. Rfe1 Qh5 18. Bb1 Ne7 19. d5 Rxd5 20. Bxa7 Rxd1 21.
Rxd1 Bc6 22. Be4 Nd5 23. Be3 Nc3 24. Bxh7+ Qxh7 25. bxc3 Bxc3 26. Qd3 Qxd3 27. Rxd3 Be4 28. Rd1 Bb2 29.
a4 Bc2 30. Rd2 Bc1 31. Rd4 Ba3 32.
h3 Bc5 33. Rc4 Ba3 34. Rd4 Bc1 1-0

[Event "British Rapidplay Championship 2023"]
[Site "Mercure Bradford, Bankfield Hotel"]
[Date "2023.04.16"]
[Round "9.16"]
[White "Larchikov, Maksym"]
[Black "McCarthy, Damian M"]
[Result "0-1"]
[TimeControl "15 minutes plus 10 seconds per move"]
[WhiteElo "1871"]
[BlackElo "1860"]

1. d4 Nf6 2. Nf3 e6 3.
c4 Bb4+ 4. Bd2 Qe7 5. e3 O-O 6.
Bd3 Bxd2+ 7. Qxd2 d6 8. e4 e5 9. d5 a5 10. Nc3 Na6 11. O-O Nc5 12. Ne1 Nh5 13. Ne2 f5 14. exf5 Nxd3 15.
Nxd3 Bxf5 16. f3 b6 17. Nf2 Bg6 18. Nc3 Nf4 19. Nce4 Rf5 20. g3 Rh5 21. gxf4 Qh4 22. Nd3 exf4 23. Nxf4 Rh6 24. Ne6 Bxe4 25. fxe4 Rg6+ 26. Qg2 Rxg2+ 27. Kxg2 Qxe4+ 28. Kg1 Qxc4 29. Rad1 Re8 30. Rd4 Qxa2 31. Rf2 Rxe6 32. dxe6 Qxe6 33. Rdf4 h6 34. Kg2 Qd5+ 35. Kg3 Qe5 36.
Kg2 c5 37. Rf5 Qe4+ 38. Kg3 d5 39.
h4 d4 40. Rf8+ Kh7 41. R2f4 Qe1+ 42. Kg2 d3 43. Rd8 Qe2+ 44. Rf2 Qg4+ 45. Kf1 Qh3+ 46. Ke1 Qxh4 47.
Rxd3 a4 48. Rd7 b5 49. Rdd2 b4 50. Kd1 a3 51. bxa3 bxa3 52. Ra2 Qd4+ 53. Ke1 Qe3+ 54. Rfe2 Qc3+ 55. Kf2 h5 56. Re3 Qf6+ 57.
Rf3 Qh4+ 58. Kg2 Qg4+ 59. Kf2 Qd4+ 60. Kg2 c4 61. Raxa3 h4 62. Ra6 g6 63. Kh3 Kh6 64. Rff6 Kh5 65.
Rad6 Qe3+ 66. Kg2 g5 67. Rc6 c3 68. Rh6+ Kg4 69. Rc4+ Kf5 70. Rhc6 Qe2+ 71. Kg1 h3 72. R6c5+ Kg6 0-1

[Event "British Rapidplay Championship 2023"]
[Site "Mercure Bradford, Bankfield Hotel"]
[Date "2023.04.16"]
[Round "9.17"]
[White "Clark, Robert G"]
[Black "Buckley, Colm"]
[Result "1-0"]
[TimeControl "15 minutes plus 10 seconds per move"]
[WhiteElo "2008"]
[BlackElo "1870"]

1. c4 e6 2. g3 d5 3. Bg2 Nf6 4. Nf3 b6 5. O-O Bb7 6. b3 Be7 7. Bb2 O-O 8. d3 c5 9. cxd5 exd5 10.
d4 Nbd7 11. Nbd2 Rc8 12. Rc1 Re8 13. e3 Ne4 14. Nxe4 dxe4 15. Nd2 Bf6 16. Nc4 Nf8 17. dxc5 Bxb2 18. Nxb2 Rxc5 19. Rxc5 bxc5 20.
Qc2 Qe7 21. Rd1 Nd7 22. Nc4 f5 23. Nd6 Rb8 24. Qc4+ Kf8 25. Nxf5 Nb6 26. Qc3 1-0